Map: Dusk Towers

Players

Miszu - Winner!

  • Race: Terran Terran
  • League: Grandmaster

Quokka

  • Race: Zerg Zerg
  • League: Grandmaster

VOD

Have the link to the VOD?

Description

Time

  • Played on: June 4, 2016, 4:47 p.m.
  • Length: 10:01
Show
View Real Time Build Order
Export as new Build Order

Miszu Terran - Winner!

Build Orders: Reaper Expand, MMM Bio 

Get SALT Encoding   

  12  0:00  SCV  
  13  0:12  SCV  
  14  0:17  Supply Depot  
  14  0:24  SCV  
  15  0:38  SCV  
  15  0:41  Barracks  
  16  0:44  Refinery  
  16  0:50  SCV  
  17  1:02  SCV  
  18  1:14  SCV  
  19  1:28  Orbital Command  
  19  1:29  Reaper  
  20  1:40  Command Center  
  20  1:48  Supply Depot  
  20  1:54  SCV  
  21  2:01  Barracks Reactor  
  21  2:06  SCV  
  22  2:19  SCV  
  23  2:22  Factory  
  23  2:36  SCV  
  24  2:38  Marine, Command Center  
  24  2:39  Marine  
  26  2:48  SCV  
  27  2:58  Orbital Command  
  29  3:00  SCV  
  28  3:12  Barracks Tech Lab, SCV  
  29  3:14  Hellion x2  
  33  3:24  Barracks, SCV x2  
  34  3:30  Marine  
  34  3:31  Stimpack  
  35  3:36  Refinery, SCV  
  35  3:37  SCV  
  37  3:47  Barracks  
  37  3:48  Marine, SCV, Factory Reactor  
  38  3:49  SCV  
  40  3:58  Orbital Command  
  40  4:00  SCV  
  40  4:01  SCV  
  42  4:08  Refinery  
  43  4:10  Refinery  
  43  4:12  SCV  
  43  4:13  SCV  
  43  4:16  Engineering Bay  
  44  4:17  Engineering Bay  
  44  4:24  SCV  
  44  4:25  SCV  
  44  4:29  Marine x3  
  49  4:31  Orbital Command  
  49  4:36  Supply Depot  
  49  4:37  SCV x2  
  49  4:38  Factory Reactor  
  51  4:39  Starport  
  51  4:42  Marine  
  53  4:49  Terran Infantry Weapons Level 1, Terran Infantry Armor Level 1, SCV x2  
  54  4:54  Marine x3  
  54  4:55  Marine  
  54  4:57  SCV  
  59  5:01  SCV  
  59  5:03  SCV  
  61  5:08  Marine  
  61  5:09  SCV  
  61  5:11  Supply Depot  
  61  5:12  Marine x2  
  61  5:13  Marine, SCV  
  67  5:17  Supply Depot  
  67  5:19  SCV  
  67  5:20  Factory Reactor  
  68  5:21  SCV  
  69  5:28  Barracks  
  69  5:31  Barracks  
  69  5:32  Medivac x2  
  69  5:33  SCV x2  
  69  5:34  SCV  
  76  5:39  Supply Depot  
  76  5:43  Supply Depot  
  76  5:45  SCV x2, Armory  
  76  5:47  SCV  
  76  5:49  Combat Shields  
  79  5:53  Marine, Marauder  
  79  5:56  Marine x3  
  85  6:01  SCV x2  
  85  6:02  SCV  
  88  6:11  Supply Depot x2, Medivac x2  
  88  6:13  SCV x2  
  88  6:15  Marine, Marauder  
  88  6:17  Barracks Reactor  
  97  6:25  Marine x3  
  98  6:29  Barracks  
  98  6:31  Barracks  
  100  6:33  Barracks  
  100  6:36  Marauder  
  100  6:38  Marine x3  
  105  6:42  Supply Depot  
  105  6:44  Supply Depot, Terran Infantry Armor Level 2, Terran Infantry Weapons Level 2  
  105  6:45  Marine  
  105  6:46  Marine x2  
  97  7:04  Marine x8, Marauder  
  97  7:07  Supply Depot  
  107  7:08  Supply Depot  
  107  7:18  Barracks Tech Lab x2  
  107  7:19  Barracks Tech Lab  
  107  7:20  Medivac x2  
  107  7:21  Marine  
  107  7:22  Marine x4  
  116  7:25  Marauder  
  116  7:26  Supply Depot, Marine x2  
  116  7:27  Supply Depot, Marine  
  121  7:36  Marauder  
  123  7:37  Concussive Shells  
  123  7:38  Marauder  
  123  7:39  Marine  
  123  7:40  Marine x3, Marauder  
  131  7:47  Marauder  
  132  7:58  Marauder  
  133  7:59  Marauder  
  133  8:01  Marauder  
  133  8:03  Marine x5  
  133  8:04  Marine x3  
  145  8:05  Medivac  
  145  8:06  Medivac  
  145  8:08  Marauder  
  150  8:19  Marauder  
  151  8:20  Supply Depot, Marine  
  151  8:21  Marine x8  
  151  8:22  Supply Depot  
  151  8:23  Supply Depot, Marauder  
  162  8:29  Marauder, Command Center  
  164  8:38  Marine  
  165  8:42  Marine x6, Marauder  
  165  8:43  Marine x2, Medivac  
  165  8:44  Marauder  
  165  8:46  Medivac  
  181  8:50  Marine  
  182  8:56  Marine  
  182  8:59  Marine x2  
  185  9:12  Marine x2, Marauder  
  189  9:18  Marine  
  185  9:29  Marauder  
  177  9:33  Marauder x2  
  177  9:34  Marine  
  177  9:35  Marine x5, Marauder  
  185  9:39  SCV  
Show
View Real Time Build Order
Export as new Build Order

Quokka Zerg 

Build Orders: Hatch First 

Get SALT Encoding   

  12  0:01  Drone  
  13  0:08  Drone  
  14  0:17  Overlord  
  14  0:23  Extractor  
  14  0:24  Drone  
  15  0:36  Drone x2  
  17  0:53  Hatchery  
  17  0:55  Drone  
  17  0:59  Extractor, Drone  
  17  1:13  Spawning Pool  
  17  1:17  Drone  
  17  1:19  Drone  
  18  1:27  Drone  
  19  1:38  Overlord  
  19  2:00  Metabolic Boost, Zergling x2, Queen  
  19  2:01  Zergling x2  
  23  2:05  Queen  
  23  2:07  Drone  
  26  2:11  Drone  
  27  2:18  Drone  
  27  2:21  Drone  
  29  2:26  Drone  
  30  2:37  Overlord  
  30  2:43  Pneumatized Carapace  
  30  2:44  Queen  
  30  2:45  Drone  
  33  2:52  Drone x2  
  33  2:56  Drone  
  36  3:01  Drone  
  37  3:07  Drone  
  37  3:08  Drone  
  37  3:09  Drone x2  
  41  3:15  Overlord  
  41  3:23  Drone x3  
  44  3:36  Overlord  
  44  3:43  Hatchery  
  43  3:50  Drone x4  
  43  3:52  Extractor, Drone  
  43  3:55  Roach Warren  
  44  3:57  Zergling x2  
  44  3:58  Zergling x6  
  48  4:05  Queen  
  48  4:09  Overlord  
  50  4:10  Drone x3  
  50  4:11  Drone  
  54  4:24  Drone  
  54  4:25  Drone  
  54  4:26  Evolution Chamber x2  
  54  4:27  Queen  
  54  4:29  Drone x3  
  59  4:41  Overlord  
  59  4:43  Drone  
  59  4:44  Drone  
  61  4:46  Drone  
  61  4:51  Lair  
  62  4:53  Drone, Zerg Ground Armor Level 1  
  62  4:55  Zerg Melee Weapons Level 1  
  62  4:56  Drone x2  
  62  4:59  Queen  
  65  5:05  Overlord  
  67  5:07  Overlord  
  67  5:14  Drone  
  67  5:15  Drone x2  
  67  5:18  Overlord  
  70  5:22  Drone x3  
  70  5:25  Extractor  
  72  5:29  Drone  
  73  5:36  Roach x4  
  73  5:40  Overlord  
  81  5:43  Drone x4  
  81  5:44  Extractor  
  81  5:46  Drone x2  
  81  5:47  Drone x2  
  81  5:48  Drone  
  81  5:49  Extractor  
  88  5:50  Glial Reconstitution  
  88  5:51  Extractor  
  88  5:54  Drone  
  88  5:59  Drone x2  
  90  6:06  Hatchery  
  89  6:13  Drone  
  89  6:15  Drone  
  89  6:16  Roach  
  89  6:17  Infestation Pit, Roach x7  
  106  6:21  Overlord x2  
  106  6:24  Zergling x4, Roach  
  106  6:25  Ravager x2  
  110  6:26  Ravager  
  110  6:27  Ravager  
  110  6:29  Zergling x4  
  114  6:38  Overlord x2  
  114  6:40  Ravager  
  114  6:42  Overlord x2, Overseer  
  114  6:45  Zergling x10  
  111  7:02  Zerg Melee Weapons Level 2  
  111  7:03  Zerg Ground Armor Level 2, Pathogen Glands  
  111  7:06  Drone x8  
  119  7:19  Drone x7  
  119  7:20  Drone  
  127  7:23  Overlord x2  
  127  7:25  Hive  
  127  7:43  Extractor x2  
  125  7:49  Drone x3  
  125  7:51  Drone  
  119  8:04  Zergling x24  
  119  8:05  Zergling x12  
  133  8:16  Queen  
  133  8:21  Overlord  
  133  8:22  Overseer  
  133  8:25  Roach x6  
  133  8:26  Infestor  
  147  8:28  Queen  
  149  8:35  Infestor x3  
  149  8:38  Drone  
  149  8:39  Drone  
  149  8:40  Ultralisk Cavern  
  156  8:41  Spire  
  156  8:44  Drone x2  
  157  8:48  Hatchery  
  157  8:49  Drone  
  157  8:50  Zergling x4  
  157  8:55  Ravager x4  
  163  8:57  Roach x2  
  163  8:58  Roach x7  
  162  9:11  Roach x3  
  162  9:12  Roach x3  
  162  9:18  Roach x2  
  162  9:22  Roach x4  
  158  9:34  Roach x3  
Tags
 
Add a new tag
Caveats
  • Supply blocks, unpowered buildings, or Contaminate may cause inaccurate times.
  • Supply counts are checked every 10 seconds.